 Dungeon Sprint DCSS version 0.23-a0-171-g5ae17c6 (webtiles) character file.

60902 emperorscorpion the Genius of the Arcane (level 15, -4/129 HPs)
             Began as a Gnoll Warper on Sept 12, 2018.
             Was the Champion of Sif Muna.
             Killed from afar by a Brimstone Fiend (39 damage)
             ... with damnation
             ... summoned by Cerebov
             ... in the Dungeon (Sprint IX: "|||||||||||||||||||||||||||||") on Sept 15, 2018.
             The game lasted 00:49:55 (1901 turns).

emperorscorpion the Genius of the Arcane (GnWr)     Turns: 1901, Time: 00:49:56

Health: -4/129     AC: 20    Str: 13    XL:     15   Next: 1%
Magic:  37/38      EV: 18    Int: 24    God:    Sif Muna [******]
Gold:   199        SH: 14    Dex: 24    Spells: 2/45 levels left

rFire    + + .     SeeInvis .   o - +8 demon blade "Leech" {vamp, rN+ AC-3 EV-3}
rCold    x . .     Gourm    .   C - +0 shield
rNeg     + . .     Faith    .   i - +0 fire dragon scales
rPois    .         Spirit   .   J - +0 Maxwell's etheric cage {RegenMP+ *Contam rElec MP+4}
rElec    +         Reflect  .   N - +1 cloak
rCorr    .         Harm     .   I - +2 pair of gloves of the Catamount {rElec Regen+ Dex+2}
MR       +....     NoTele   +   (no boots)
Stlth    +++++.....             (no amulet)
HPRegen  0.71/turn              s - +2 ring of protection MPRegen 0.76/turn*
                                y - ring "Sausum" {Wiz *Corrode Str-2 Int+4 Dex+7}

@: deflect missiles
A: distributed training, fangs 1, strong nose
a: Divine Energy, Channel Magic, Forget Spell, Renounce Religion


You were in the Dungeon.
You worshipped Sif Muna.
Sif Muna was exalted by your worship.
You were very hungry.

You visited 1 branch You collected 1926 gold pieces.
You spent 1727 gold pieces at shops.

Inventory:

Hand Weapons
 a - a +0 spear
 o - the +8 demon blade "Leech" (weapon) {vamp, rN+ AC-3 EV-3}
   (You found it in the Dungeon)

   It inflicts no extra harm, but heals its wielder when it wounds a living foe.
   It affects your AC (-3).
   It affects your evasion (-3).
   It protects you from negative energy.
 p - the +2 rapier "Zieklyace" {elec, rElec Str-3 Stlth+}
   (You found it in the Dungeon)

   Occasionally, upon striking a foe, it will discharge some electrical energy
   and cause terrible harm.
   It affects your strength (-3).
   It insulates you from electricity.
   It makes you more stealthy.
 u - a +0 shortbow
Missiles
 e - 5 tomahawks of dispersal (quivered)
 v - 72 arrows
 D - 3 tomahawks
Armour
 b - a +0 leather armour
 f - a +0 helmet
 i - +0 fire dragon scales (worn)
 q - a +0 pair of gloves
 r - a +0 plate armour
 C - a +0 shield (worn)
 F - a +2 robe of fire resistance
 G - a +2 leather armour of cold resistance
 I - the +2 pair of gloves of the Catamount (worn) {rElec Regen+ Dex+2}
   (You bought it in a shop in the Dungeon)

   It affects your dexterity (+2).
   It insulates you from electricity.
   It increases your rate of regeneration.
 J - the +0 Maxwell's etheric cage (worn) {RegenMP+ *Contam rElec MP+4}
   (You bought it in a shop in the Dungeon)

   It insulates you from electricity.
   It affects your magic capacity (+4).
   It causes magical contamination when unequipped.
 K - a +2 robe of resistance
 N - a +1 cloak (worn)
 O - a +1 large shield
 P - the +10 plate armour "Gautiett" {Int+4 Dex+3}
   (You found it in the Dungeon)

   It affects your intelligence (+4).
   It affects your dexterity (+3).
 R - a +1 robe of fire resistance
 T - +0 swamp dragon scales
Magical Staves
 n - an uncursed staff of energy
Jewellery
 s - a +2 ring of protection (left hand)
 t - a +3 ring of intelligence
 y - the ring "Sausum" (right hand) {Wiz *Corrode Str-2 Int+4 Dex+7}
   (You found it in the Dungeon)

   [ring of wizardry]

   It improves your spell success rate.
   It affects your strength (-2).
   It affects your intelligence (+4).
   It affects your dexterity (+7).
   It may corrode you when you take damage.
 L - an uncursed ring of see invisible
 M - an uncursed ring of ice
Scrolls
 d - 2 scrolls of blinking
 k - 5 scrolls of remove curse
 l - 2 scrolls of amnesia
 m - a scroll of enchant armour
 z - 3 scrolls of identify
 A - 2 scrolls of fear
 B - 2 scrolls of enchant weapon
 Q - a scroll of fog
Potions
 c - a potion of invisibility
 g - 9 potions of curing
 h - a potion of heal wounds
 j - 4 potions of magic
 w - 3 potions of might
 x - 2 potions of agility
Miscellaneous
 H - a lamp of fire
Comestibles
 E - 10 rations


   Skills:
 + Level 15.5 Fighting
 + Level 15.0 Short Blades
 + Level 15.0 Long Blades
 + Level 15.0 Axes
 + Level 15.0 Maces & Flails
 + Level 15.5 Polearms
 + Level 15.0 Staves
 + Level 15.0 Slings
 + Level 15.0 Bows
 + Level 15.0 Crossbows
 + Level 15.2 Throwing
 + Level 15.2 Armour
 + Level 15.5 Dodging
 + Level 15.0 Stealth
 + Level 15.0 Shields
 + Level 15.0 Unarmed Combat
 + Level 15.6 Spellcasting
 + Level 12.9 Conjurations
 + Level 12.9 Hexes
 + Level 12.9 Charms
 + Level 12.9 Summonings
 + Level 12.9 Necromancy
 + Level 13.8 Translocations
 + Level 12.9 Transmutations
 + Level 12.9 Fire Magic
 + Level 12.9 Ice Magic
 + Level 12.9 Air Magic
 + Level 12.9 Earth Magic
 + Level 12.9 Poison Magic
 + Level 16.2 Invocations
 + Level 15.0 Evocations


You had 2 spell levels left.
You knew the following spells:

 Your Spells              Type           Power        Failure   Level  Hunger
a - Shroud of Golubria    Chrm/Tloc      ######....   1%          2    None
b - Blink                 Tloc           N/A          1%          2    None
c - Conjure Ball Lightni  Conj/Air       ######....   3%          6    ####...
d - Passage of Golubria   Tloc           N/A          1%          4    None
e - Borgnjor's Vile Clut  Necr/Erth      ######....   1%          5    ##.....
f - Animate Dead          Necr           N/A          1%          4    None
g - Airstrike             Air            ######....   1%          4    None
h - Iskenderun's Mystic   Conj           ######..     1%          4    None
i - Bolt of Cold          Conj/Ice       ######....   3%          6    ####...
j - Deflect Missiles      Chrm/Air       ######....   3%          6    ####...

Your spell library contained the following spells:

 Spells                   Type           Power        Failure   Level  Hunger
 Apportation              Tloc           ######       1%          1    None
 Confusing Touch          Hex            ######       1%          1    None
 Infusion                 Chrm           ####         1%          1    None
 Shock                    Conj/Air       ####         1%          1    None
 Summon Butterflies       Summ           ######..     1%          1    None
 Corpse Rot               Necr           N/A          1%          2    None
 Passwall                 Tmut/Erth      ######..     1%          2    None
 Poisonous Vapours        Pois/Air       ######       1%          2    None
 Searing Ray              Conj           ######       1%          2    None
 Song of Slaying          Chrm           ######..     1%          2    None
 Sublimation of Blood     Necr           ######....   1%          2    None
 Swiftness                Chrm/Air       ######..     1%          2    None
 Confuse                  Hex            ######..     1%          3    None
 Conjure Flame            Conj/Fire      ######..     1%          3    None
 Dazzling Spray           Conj/Hex       ######       1%          3    None
 Gell's Gravitas          Tloc           ######....   1%          3    None
 Ignite Poison            Fire/Tmut/Pois ######..     1%          3    None
 Lesser Beckoning         Tloc           ######....   1%          3    None
 Mephitic Cloud           Conj/Pois/Air  ######..     1%          3    None
 Ozocubu's Armour         Chrm/Ice       ######..     1%          3    None
 Recall                   Summ/Tloc      N/A          1%          3    None
 Spectral Weapon          Hex/Chrm       ######..     1%          3    None
 Spider Form              Tmut/Pois      ######....   1%          3    None
 Static Discharge         Conj/Air       ######..     1%          3    None
 Stone Arrow              Conj/Erth      ######       1%          3    None
 Teleport Other           Tloc           ######..     1%          3    None
 Vampiric Draining        Necr           ######....   1%          3    None
 Force Lance              Conj/Tloc      ######..     1%          4    None
 Fulminant Prism          Conj/Hex       ######....   1%          4    None
 Ice Form                 Ice/Tmut       ######..     1%          4    None
 Leda's Liquefaction      Hex/Erth       ######....   1%          4    None
 Olgreb's Toxic Radiance  Pois           ######..     1%          4    None
 Petrify                  Tmut/Erth      ######..     1%          4    None
 Sticky Flame             Conj/Fire      ######..     1%          4    None
 Summon Ice Beast         Ice/Summ       ######..     1%          4    None
 Bolt of Magma            Conj/Fire/Erth ######....   1%          5    ##.....
 Dispel Undead            Necr           ######..     1%          5    ##.....
 Irradiate                Conj/Tmut      ######....   1%          5    ##.....
 Lee's Rapid Deconstruct  Erth           ######....   1%          5    ##.....
 Metabolic Englaciation   Hex/Ice        ######....   1%          5    ##.....
 Summon Demon             Summ           ######....   1%          5    ##.....
 Summon Forest            Summ/Tloc      ######....   1%          5    ##.....
 Venom Bolt               Conj/Pois      ######....   1%          5    ##.....
 Yara's Violent Unravell  Hex/Tmut       ######....   1%          5    ##.....
 Darkness                 Hex            ######....   3%          6    ####...
 Death Channel            Necr           ######....   3%          6    ####...
 Freezing Cloud           Conj/Ice/Air   ######....   3%          6    ####...
 Hydra Form               Tmut           ######....   3%          6    ####...
 Invisibility             Hex            ######..     3%          6    ####...
 Poison Arrow             Conj/Pois      ######....   3%          6    ####...
 Simulacrum               Ice/Necr       ######....   3%          6    ####...
 Summon Hydra             Summ           ######....   17%         7    ######.
 Controlled Blink         Tloc           N/A          65%         8    #######
 Death's Door             Chrm/Necr      ######....   77%         8    #######


Dungeon Overview and Level Annotations

Branches:
Dungeon (1/1)

Altars:
Cheibriados
Dithmenos
Elyvilon
Fedhas
Gozag
Hepliaklqana
Kikubaaqudgha
Makhleb
Nemelex Xobeh
Okawaru
Qazlal
Ru
Sif Muna
Trog
Uskayaw
Vehumet
Wu Jian
Xom
Yredelemnul
Zin
The Shining One
Beogh
Jiyva
Lugonu

Shops:
D :}=[

Annotations:
D Cerebov


Innate Abilities, Weirdness & Mutations

Your experience applies equally to all skills.
You have very sharp teeth.
Your uncanny sense of smell can sniff out nearby items.


Message History

Confirm with . or Enter, or press ? or * to list all spells.
You create some ball lightning!
You are feeling very hungry.
You swap places.
Your ball lightning explodes!
The blast of lightning engulfs your ball lightning.
Your ball lightning completely resists.
Your ball lightning explodes!
The blast of lightning engulfs you! You resist.
You hear a clap of thunder!
Casting: Conjure Ball Lightning (safe; 3% risk of failure)
Confirm with . or Enter, or press ? or * to list all spells.
You create some ball lightning!
You swap places.
The Brimstone Fiend gestures at you.
The sphere of damnation explodes!
The damnation engulfs you!
* * * LOW HITPOINT WARNING * * *
The Brimstone Fiend gestures at you.
The sphere of damnation explodes!
The damnation engulfs you!
You die...

▓§▓.▓.▓.▓.▓.▓.▓Z▓.▓.
▓v▓.▓†▓.▓.▓.▓.▓Z▓.▓.
∆
▓'▓[▓)▓.▓.▓.▓.▓.▓.▓.
∆
▓.▓.▓'▓.▓.▓.▓[▓Z▓.▓.
∆
▓.▓.▓.▓.▓.▓∆▓.▓.▓.▓.
∆
▓.▓.▓.▓.▓.▓.▓.▓Z▓.▓.
∆
▓.▓.▓.▓[▓.▓.▓)▓Z▓.▓.
∆
▓)▓.▓.▓.▓[▓.▓)▓Z▓†▓.
▓^▓@▓†▓.▓[▓.▓.▓.▓.▓.
▓.▓.▓.▓.▓.▓.▓)▓Z▓.▓.
▓.▓.▓.▓.▓[▓.▓)▓.▓.▓.
∆
▓)▓.▓.▓.▓[▓.▓)▓.▓.▓.
∆
▓[▓1▓†▓.▓.▓.▓.▓.▓.▓.
∆
▓)▓&▓'▓.▓[▓.▓.▓.▓.▓.
∆
▓(▓.▓.▓.▓.▓.▓.▓.▓.▓.
∆
▓.▓.▓.▓.▓.▓.▓.▓.▓.▓.
∆
▓)▓.▓.▓.▓)▓.▓.▓.▓†▓.


You could see Cerebov and a Brimstone Fiend.

Vanquished Creatures
  Saint Roka (D)
  Donald (D)
  A sphinx (D)
  Gastronok (D)
  Agnes (D)
  2 stone giants (D)
  2 spark wasps (D)
  A mummy priest (D)
  2 ettins (D)
  2 merfolk impalers (D)
  Josephine (D)
  A fire dragon (D)
  2 yaktaur captains (D)
  A hydra (D)
  2 ice dragons (D)
  2 two-headed ogres (D)
  3 centaur warriors (D)
  An alligator (D)
  2 anacondas (D)
  A satyr (D)
  3 ogre magi (D)
  2 tengu warriors (D)
  A vampire mage (D)
  7 orc high priests (D)
  A shock serpent (D)
  2 swamp dragons (D)
  An unseen horror (shapeshifter) (D)
  2 flayed ghosts (D)
  4 orc knights (D)
  2 wizards (D)
  A glowing orange brain (D)
  An orb spider (shapeshifter) (D)
  A necromancer (D)
  An orb spider (D)
  An ironbrand convoker (D)
  A wolf spider (D)
  2 ugly things (D)
  A cyclops (D)
  3 manticores (D)
  A salamander (D)
  Maurice (D)
  A guardian serpent (D)
  3 black mambas (D)
  2 vault sentinels (D)
  6 spiny frogs (D)
  Psyche (D)
  A naga mage (D)
  4 yaktaurs (D)
  2 komodo dragons (D)
  2 demonic crawlers (D)
  A polar bear (D)
  A hornet (D)
  A snapping turtle (D)
  3 tyrant leeches (D)
  A jumping spider (D)
  2 slime creatures (D)
  A blink frog (D)
  A hippogriff (D)
  A spriggan (D)
  2 redbacks (D)
  5 wraiths (D)
  3 hungry ghosts (D)
  Eustachio (D)
  A tarantella (D)
  A golden eye (shapeshifter) (D)
  A yak (D)
  2 vampire mosquitoes (D)
  A soldier ant (D)
  4 porcupines (D)
  A water moccasin (D)
  A swamp drake (D)
  12 orc warriors (D)
  A boggart (D)
  2 centaurs (D)
  A crocodile (D)
  10 bullfrogs (D)
  A crimson imp (D)
  A jelly (D)
  10 orc priests (D)
  3 orc wizards (D)
  An adder (D)
  2 adder zombies (D)
  A leopard gecko (D)
  11 orcs (D)
  A bat skeleton (D)
  A bat zombie (D)
  2 giant cockroaches (D)
  A hobgoblin (D)
  A kobold (D)
  A quokka (D)
  A ball python skeleton (D)
  2 bats (D)
  A jackal skeleton (D)
193 creatures vanquished.

Vanquished Creatures (others)
  8 ball lightnings (D)
8 creatures vanquished.

Grand Total: 201 creatures vanquished

Notes
Turn   | Place    | Note
-------+----------+-------------------------------------------
     0 | D        | emperorscorpion the Gnoll Warper began the quest for the
                  | Orb.
     0 | D        | Reached XP level 1. HP: 20/20 MP: 6/6
    15 | D        | Reached skill level 5 in Spellcasting
    19 | D        | Reached skill level 1 in Invocations
    23 | D        | Reached skill level 1 in Short Blades
    23 | D        | Reached skill level 1 in Long Blades
    23 | D        | Reached skill level 1 in Axes
    23 | D        | Reached skill level 1 in Maces & Flails
    23 | D        | Reached skill level 1 in Staves
    23 | D        | Reached skill level 1 in Slings
    23 | D        | Reached skill level 1 in Bows
    23 | D        | Reached skill level 1 in Crossbows
    23 | D        | Reached skill level 1 in Stealth
    23 | D        | Reached skill level 1 in Shields
    23 | D        | Reached skill level 1 in Unarmed Combat
    23 | D        | Reached skill level 1 in Evocations
    30 | D        | Noticed a crimson imp
    35 | D        | Reached XP level 2. HP: 26/26 MP: 8/8
    41 | D        | Killed a crimson imp
    41 | D        | Reached skill level 5 in Fighting
    41 | D        | Reached skill level 5 in Polearms
    41 | D        | Reached skill level 5 in Dodging
    41 | D        | Reached skill level 1 in Conjurations
    41 | D        | Reached skill level 1 in Hexes
    41 | D        | Reached skill level 1 in Charms
    41 | D        | Reached skill level 1 in Summonings
    41 | D        | Reached skill level 1 in Necromancy
    41 | D        | Reached skill level 1 in Transmutations
    41 | D        | Reached skill level 1 in Fire Magic
    41 | D        | Reached skill level 1 in Ice Magic
    41 | D        | Reached skill level 1 in Air Magic
    41 | D        | Reached skill level 1 in Earth Magic
    41 | D        | Reached skill level 1 in Poison Magic
    41 | D        | Reached skill level 2 in Invocations
    41 | D        | Reached XP level 3. HP: 33/33 MP: 9/9
    53 | D        | Found a roughly hewn altar of Beogh.
    53 | D        | Found a snail-covered altar of Cheibriados.
    53 | D        | Found a shadowy altar of Dithmenos.
    53 | D        | Found a white marble altar of Elyvilon.
    53 | D        | Found a blossoming altar of Fedhas.
    53 | D        | Found an opulent altar of Gozag.
    54 | D        | Found a hazy altar of Hepliaklqana.
    55 | D        | Found a viscous altar of Jiyva.
    56 | D        | Found an ancient bone altar of Kikubaaqudgha.
    57 | D        | Found a corrupted altar of Lugonu.
    58 | D        | Found a burning altar of Makhleb.
    59 | D        | Found a sparkling altar of Nemelex Xobeh.
    60 | D        | Found an iron altar of Okawaru.
    61 | D        | Found a stormy altar of Qazlal.
    62 | D        | Found a sacrificial altar of Ru.
    63 | D        | Found a deep blue altar of Sif Muna.
    64 | D        | Found a bloodstained altar of Trog.
    65 | D        | Found a hide-covered altar of Uskayaw.
    66 | D        | Found a radiant altar of Vehumet.
    67 | D        | Found an ornate altar of the Wu Jian Council.
    68 | D        | Found a shimmering altar of Xom.
    69 | D        | Found a basalt altar of Yredelemnul.
    70 | D        | Found a glowing silver altar of Zin.
    71 | D        | Found a glowing golden altar of the Shining One.
    73 | D        | Became a worshipper of Sif Muna the Loreminder
    83 | D        | Found the +8 demon blade "Leech" {vamp, rN+ AC-3 EV-3}
    92 | D        | Got the +2 rapier "Zieklyace" {elec, rElec Str-3 Stlth+}
   122 | D        | Learned a level 2 spell: Blink
   125 | D        | Learned a level 2 spell: Shroud of Golubria
   129 | D        | Learned a level 3 spell: Teleport Other
   130 | D        | Noticed a two-headed ogre
   130 | D        | Noticed a bullfrog
   130 | D        | Noticed a soldier ant
   136 | D        | Reached XP level 4. HP: 37/39 MP: 7/11
   139 | D        | Killed a soldier ant
   139 | D        | Reached * piety under Sif Muna
   139 | D        | Reached skill level 4 in Invocations
   139 | D        | Reached XP level 5. HP: 38/46 MP: 8/13
   142 | D        | Killed a two-headed ogre
   142 | D        | Reached ** piety under Sif Muna
   142 | D        | Reached *** piety under Sif Muna
   142 | D        | Reached skill level 5 in Short Blades
   142 | D        | Reached skill level 5 in Long Blades
   142 | D        | Reached skill level 5 in Axes
   142 | D        | Reached skill level 5 in Maces & Flails
   142 | D        | Reached skill level 5 in Staves
   142 | D        | Reached skill level 5 in Slings
   142 | D        | Reached skill level 5 in Bows
   142 | D        | Reached skill level 5 in Crossbows
   142 | D        | Reached skill level 5 in Stealth
   142 | D        | Reached skill level 5 in Shields
   142 | D        | Reached skill level 5 in Unarmed Combat
   142 | D        | Reached skill level 6 in Invocations
   142 | D        | Reached skill level 5 in Evocations
   142 | D        | Reached XP level 6. HP: 45/55 MP: 8/16
   142 | D        | Reached XP level 7. HP: 50/60 MP: 9/18
   143 | D        | Reached XP level 8. HP: 58/67 MP: 9/19
   149 | D        | Learned a level 4 spell: Passage of Golubria
   161 | D        | Noticed a centaur warrior
   172 | D        | Killed a centaur warrior
   172 | D        | Reached skill level 5 in Conjurations
   172 | D        | Reached skill level 5 in Hexes
   172 | D        | Reached skill level 5 in Charms
   172 | D        | Reached skill level 5 in Summonings
   172 | D        | Reached skill level 5 in Necromancy
   172 | D        | Reached skill level 5 in Transmutations
   172 | D        | Reached skill level 5 in Fire Magic
   172 | D        | Reached skill level 5 in Ice Magic
   172 | D        | Reached skill level 5 in Air Magic
   172 | D        | Reached skill level 5 in Earth Magic
   172 | D        | Reached skill level 5 in Poison Magic
   172 | D        | Reached skill level 7 in Invocations
   177 | D        | Reached **** piety under Sif Muna
   177 | D        | Reached XP level 9. HP: 51/75 MP: 19/21
   285 | D        | Got the ring "Sausum" {Wiz *Corrode Str-2 Int+4 Dex+7}
   299 | D        | Noticed a spiny frog
   299 | D        | Noticed a komodo dragon
   303 | D        | Killed a komodo dragon
   303 | D        | Reached skill level 8 in Invocations
   304 | D        | Noticed a komodo dragon
   306 | D        | Killed a spiny frog
   311 | D        | Reached ***** piety under Sif Muna
   315 | D        | Killed a komodo dragon
   325 | D        | Received a gift from Sif Muna
   340 | D        | Noticed a spiny frog
   340 | D        | Noticed a polar bear
   340 | D        | Noticed a seven-headed hydra
   344 | D        | Killed a seven-headed hydra
   344 | D        | Reached skill level 9 in Invocations
   344 | D        | Reached XP level 10. HP: 20/84 MP: 19/23
   348 | D        | Reached skill level 10 in Spellcasting
   359 | D        | Killed a spiny frog
   367 | D        | Reached skill level 10 in Fighting
   367 | D        | Reached skill level 10 in Polearms
   367 | D        | Reached skill level 10 in Dodging
   382 | D        | Noticed a spiny frog
   382 | D        | Noticed a spiny frog
   388 | D        | Noticed a spiny frog
   398 | D        | Killed a spiny frog
   398 | D        | Received a gift from Sif Muna
   401 | D        | Killed a spiny frog
   401 | D        | Reached skill level 10 in Invocations
   411 | D        | Killed a spiny frog
   419 | D        | Learned a level 5 spell: Borgnjor's Vile Clutch
   424 | D        | Learned a level 4 spell: Animate Dead
   468 | D        | Noticed Psyche
   479 | D        | Noticed Eustachio
   482 | D        | Killed Psyche
   482 | D        | Reached XP level 11. HP: 73/92 MP: 20/25
   494 | D        | Killed Eustachio
   572 | D        | Identified Sif Muna's Catalogue of Creation and
                  | Weightlessness (Sif Muna gifted it to you in the Dungeon)
   572 | D        | Received a gift from Sif Muna
   572 | D        | Reached skill level 10 in Throwing
   572 | D        | Reached skill level 10 in Armour
   580 | D        | Noticed an orc knight
   593 | D        | Killed an orc knight
   602 | D        | Reached skill level 10 in Translocations
   631 | D        | Found Ihier's Antique Armour Boutique.
   631 | D        | Noticed an orc high priest
   631 | D        | Noticed an orc high priest
   631 | D        | Noticed an orc high priest
   631 | D        | Noticed an orc high priest
   632 | D        | Noticed an orc high priest
   637 | D        | Killed an orc high priest
   637 | D        | Reached skill level 10 in Short Blades
   637 | D        | Reached skill level 10 in Long Blades
   637 | D        | Reached skill level 10 in Axes
   637 | D        | Reached skill level 10 in Maces & Flails
   637 | D        | Reached skill level 10 in Staves
   637 | D        | Reached skill level 10 in Slings
   637 | D        | Reached skill level 10 in Bows
   637 | D        | Reached skill level 10 in Crossbows
   637 | D        | Reached skill level 10 in Stealth
   637 | D        | Reached skill level 10 in Shields
   637 | D        | Reached skill level 10 in Unarmed Combat
   637 | D        | Reached skill level 10 in Evocations
   639 | D        | Found Egivuhacvu's Jewellery Shop.
   642 | D        | Killed an orc high priest
   642 | D        | Reached skill level 11 in Invocations
   642 | D        | Killed an orc high priest
   651 | D        | Killed an orc high priest
   673 | D        | Learned a level 4 spell: Airstrike
   678 | D        | Noticed a sun demon
   679 | D        | Killed an orc high priest
   679 | D        | Identified Sif Muna's Spellweaving, Part Four (Sif Muna
                  | gifted it to you in the Dungeon)
   679 | D        | Received a gift from Sif Muna
   700 | D        | Noticed an orc high priest
   705 | D        | Killed an orc high priest
   709 | D        | Found Rys Kac's Gadget Boutique.
   715 | D        | Found Gero's Book Shop.
   720 | D        | Noticed an orc high priest
   728 | D        | Killed an orc high priest
   746 | D        | Bought a lamp of fire for 440 gold pieces
   750 | D        | Bought a pair of shimmering gloves for 247 gold pieces
   750 | D        | Bought the +0 Maxwell's etheric cage {RegenMP+ *Contam
                  | rElec MP+4} for 1040 gold pieces
   750 | D        | Found the +0 Maxwell's etheric cage {RegenMP+ *Contam rElec
                  | MP+4}
   760 | D        | Identified the +2 pair of gloves of the Catamount {rElec
                  | Regen+ Dex+2} (You bought it in a shop in the Dungeon)
   785 | D        | Learned a level 4 spell: Iskenderun's Mystic Blast
   815 | D        | Noticed Josephine
   827 | D        | Killed Josephine
   827 | D        | Reached XP level 12. HP: 89/101 MP: 27/27
   843 | D        | Noticed Maurice
   848 | D        | Killed Maurice
   898 | D        | Got the +10 plate armour "Gautiett" {Int+4 Dex+3}
   919 | D        | Noticed a tengu warrior
   920 | D        | Noticed a two-headed ogre
   920 | D        | Received a gift from Sif Muna
   921 | D        | Reached skill level 12 in Invocations
   923 | D        | Killed a tengu warrior
   924 | D        | Killed a two-headed ogre
   928 | D        | Noticed a spark wasp
   929 | D        | Noticed a vampire mage
   932 | D        | Noticed an ogre mage
   933 | D        | Killed a spark wasp
   938 | D        | Killed a vampire mage
   938 | D        | Killed an ogre mage
   944 | D        | Noticed a stone giant
   949 | D        | Killed a stone giant
   949 | D        | Reached ****** piety under Sif Muna
   949 | D        | Reached skill level 10 in Conjurations
   949 | D        | Reached skill level 10 in Hexes
   949 | D        | Reached skill level 10 in Charms
   949 | D        | Reached skill level 10 in Summonings
   949 | D        | Reached skill level 10 in Necromancy
   949 | D        | Reached skill level 10 in Transmutations
   949 | D        | Reached skill level 10 in Fire Magic
   949 | D        | Reached skill level 10 in Ice Magic
   949 | D        | Reached skill level 10 in Air Magic
   949 | D        | Reached skill level 10 in Earth Magic
   949 | D        | Reached skill level 10 in Poison Magic
   956 | D        | Noticed an ogre mage
   966 | D        | Killed an ogre mage
   966 | D        | Identified Sif Muna's Handbook of Conjuration (Sif Muna
                  | gifted it to you in the Dungeon)
   966 | D        | Received a gift from Sif Muna
  1000 | D        | Noticed Donald
  1015 | D        | Killed Donald
  1015 | D        | Reached skill level 13 in Invocations
  1015 | D        | Reached XP level 13. HP: 9/109 MP: 6/29
  1092 | D        | Noticed Gastronok
  1110 | D        | Killed Gastronok
  1135 | D        | Noticed a merfolk impaler
  1136 | D        | Noticed a merfolk impaler
  1142 | D        | Killed a merfolk impaler
  1143 | D        | Killed a merfolk impaler
  1148 | D        | Identified Qeyhurhuur's Compendium of Vitriolic Unholy Arts
                  | (Sif Muna gifted it to you in the Dungeon)
  1148 | D        | Received a gift from Sif Muna
  1166 | D        | Noticed a spark wasp
  1172 | D        | Killed a spark wasp
  1201 | D        | Reached skill level 14 in Invocations
  1221 | D        | Identified Jukuris's Collected Works on Toxic Dark Magic
                  | (Sif Muna gifted it to you in the Dungeon)
  1221 | D        | Received a gift from Sif Muna
  1267 | D        | Noticed Agnes
  1272 | D        | Killed Agnes
  1272 | D        | Reached XP level 14. HP: 46/120 MP: 19/32
  1290 | D        | Noticed Saint Roka
  1292 | D        | Identified Sif Muna's Guide on Cold and Augmentations (Sif
                  | Muna gifted it to you in the Dungeon)
  1292 | D        | Received a gift from Sif Muna
  1302 | D        | Killed Saint Roka
  1311 | D        | Learned a level 6 spell: Bolt of Cold
  1359 | D        | Reached skill level 15 in Invocations
  1361 | D        | Identified Sif Muna's Almanac of Displacement and Clay (Sif
                  | Muna gifted it to you in the Dungeon)
  1361 | D        | Received a gift from Sif Muna
  1407 | D        | Noticed a stone giant
  1432 | D        | Killed a stone giant
  1432 | D        | Reached skill level 15 in Spellcasting
  1450 | D        | Identified Sif Muna's Reference Book on Assistive Venom
                  | (Sif Muna gifted it to you in the Dungeon)
  1450 | D        | Received a gift from Sif Muna
  1459 | D        | Learned a level 6 spell: Deflect Missiles
  1470 | D        | Noticed a sphinx
  1473 | D        | Reached skill level 15 in Fighting
  1473 | D        | Reached skill level 15 in Polearms
  1473 | D        | Reached skill level 15 in Dodging
  1479 | D        | Killed a sphinx
  1495 | D        | Received a gift from Sif Muna
  1496 | D        | Reached skill level 15 in Throwing
  1496 | D        | Reached skill level 15 in Armour
  1498 | D        | Reached skill level 16 in Invocations
  1516 | D        | Noticed a vault warden
  1521 | D        | Noticed Cerebov
  1535 | D        | Noticed a balrug
  1575 | D        | Reached skill level 15 in Short Blades
  1575 | D        | Reached skill level 15 in Long Blades
  1575 | D        | Reached skill level 15 in Axes
  1575 | D        | Reached skill level 15 in Maces & Flails
  1575 | D        | Reached skill level 15 in Staves
  1575 | D        | Reached skill level 15 in Slings
  1575 | D        | Reached skill level 15 in Bows
  1575 | D        | Reached skill level 15 in Crossbows
  1575 | D        | Reached skill level 15 in Stealth
  1575 | D        | Reached skill level 15 in Shields
  1575 | D        | Reached skill level 15 in Unarmed Combat
  1575 | D        | Reached skill level 15 in Evocations
  1583 | D        | Reached XP level 15. HP: 40/129 MP: 33/34
  1614 | D        | Learned a level 6 spell: Conjure Ball Lightning
  1893 | D        | Noticed a Brimstone Fiend
  1901 | D        | Killed from afar by a Brimstone Fiend

Vault maps used:
D:        linesprint

Skill      XL: |  1  2  3  4  5  6  7  8  9 10 11 12 13 14 |
---------------+-------------------------------------------+-----
Spellcasting   | 5 6 7 8 9 10 11 12 14 15 | 15.6
Invocations    | 1 2 4 6 7 9 10 11 13 14 16 | 16.2
Short Blades   | 1 2 3 5 6 8 9 10 12 13 15 | 15.0
Long Blades    | 1 2 3 5 6 8 9 10 12 13 15 | 15.0
Axes           | 1 2 3 5 6 8 9 10 12 13 15 | 15.0
Maces & Flails | 1 2 3 5 6 8 9 10 12 13 15 | 15.0
Staves         | 1 2 3 5 6 8 9 10 12 13 15 | 15.0
Slings         | 1 2 3 5 6 8 9 10 12 13 15 | 15.0
Bows           | 1 2 3 5 6 8 9 10 12 13 15 | 15.0
Crossbows      | 1 2 3 5 6 8 9 10 12 13 15 | 15.0
Stealth        | 1 2 3 5 6 8 9 10 12 13 15 | 15.0
Shields        | 1 2 3 5 6 8 9 10 12 13 15 | 15.0
Unarmed Combat | 1 2 3 5 6 8 9 10 12 13 15 | 15.0
Evocations     | 1 2 3 5 6 8 9 10 12 13 15 | 15.0
Fighting       | 5 7 8 9 10 11 12 14 15 | 15.5
Polearms       | 5 7 8 9 10 11 12 14 15 | 15.5
Throwing       | 3 4 6 7 8 9 11 12 13 15 | 15.2
Armour         | 3 4 6 7 8 9 11 12 13 15 | 15.2
Dodging        | 5 7 8 9 10 11 12 14 15 | 15.5
Conjurations   | 1 2 4 5 7 9 10 11 12 | 12.9
Hexes          | 1 2 4 5 7 9 10 11 12 | 12.9
Charms         | 1 2 4 5 7 9 10 11 12 | 12.9
Summonings     | 1 2 4 5 7 9 10 11 12 | 12.9
Necromancy     | 1 2 4 5 7 9 10 11 12 | 12.9
Transmutations | 1 2 4 5 7 9 10 11 12 | 12.9
Fire Magic     | 1 2 4 5 7 9 10 11 12 | 12.9
Ice Magic      | 1 2 4 5 7 9 10 11 12 | 12.9
Air Magic      | 1 2 4 5 7 9 10 11 12 | 12.9
Earth Magic    | 1 2 4 5 7 9 10 11 12 | 12.9
Poison Magic   | 1 2 4 5 7 9 10 11 12 | 12.9
Translocations | 6 7 8 9 10 11 12 13 | 13.8

Action                   |  1- 3 |  4- 6 |  7- 9 | 10-12 | 13-15 || total
-------------------------+-------+-------+-------+-------+-------++-------
Melee: Spear             |    35 |       |       |       |       ||    35
       Bite              |     2 |     1 |     6 |    24 |    21 ||    54
       Demon blade       |     4 |     4 |    47 |   126 |    85 ||   266
       Punch             |       |       |     3 |     8 |       ||    11
 Cast: Shroud of Golubri |     1 |       |       |     3 |     1 ||     5
       Blink             |       |       |     2 |     6 |    11 ||    19
       Passage of Golubr |       |       |     2 |    18 |    33 ||    53
       Animate Dead      |       |       |       |     6 |       ||     6
       Borgnjor's Vile C |       |       |       |    21 |    19 ||    40
       Iskenderun's Myst |       |       |       |    28 |    60 ||    88
       Airstrike         |       |       |       |    11 |     2 ||    13
       Deflect Missiles  |       |       |       |       |     1 ||     1
       Conjure Ball Ligh |       |       |       |       |     5 ||     5
Invok: Channel Magic     |       |       |     1 |     7 |     8 ||    16
       Forget Spell      |       |       |       |       |     1 ||     1
Evoke: Wand              |       |     3 |     6 |     1 |       ||    10
       Lamp of fire      |       |       |       |     4 |    12 ||    16
  Use: Potion            |     1 |       |       |     3 |     3 ||     7
       Scroll            |       |       |       |       |     2 ||     2
 Stab: Sleeping          |     2 |       |     1 |     2 |       ||     5
       Invisible         |       |       |       |     2 |       ||     2
  Eat: Ration            |     1 |       |       |       |       ||     1
       Chunk             |       |       |     3 |     8 |     5 ||    16
Armor: Leather armour    |     5 |     1 |     7 |    10 |       ||    23
       Plate armour      |       |       |       |       |    30 ||    30
       Fire dragon scale |       |       |       |       |     2 ||     2
Dodge: Dodged            |    23 |     3 |    30 |    79 |    14 ||   149
       Deflected         |       |       |       |       |     1 ||     1
Block: Shield            |       |       |       |       |    53 ||    53
       Rpst.: Demon blade |       |     1 |     5 |    35 |       ||    41

Table legend:
 A = Non-vault XP
 B = Vault XP
 C = Vault XP percentage of total XP
 D = Non-vault monster count
 E = Vault monster count
 F = Vault count percentage of total count
                 A         B        C        D         E       F
            +---------+---------+-------+---------+---------+-------
      Total |     234 |   86770 |  99.7 |       1 |     192 |  99.5
            +---------+---------+-------+---------+---------+-------
          D |     234 |   86770 |  99.7 |       1 |     192 |  99.5
            +---------+---------+-------+---------+---------+-------
